 Dungeon Crawl Stone Soup version 0.13.0-18-g7b03ea5 (webtiles) character file.

62259 Impy the Reanimator (level 14, -2/96 HPs)
             Began as a Demonspawn Necromancer on Oct 21, 2013.
             Was the Champion of Kikubaaqudgha.
             Slain by an eight-headed hydra (8 damage)
             ... on Level 12 of the Dungeon on Oct 22, 2013.
             The game lasted 02:49:12 (26758 turns).

Impy the Reanimator (Demonspawn Necromancer)       Turns: 26758, Time: 02:49:12

HP  -2/96        AC  4     Str  9      XL: 14   Next: 60%
MP   5/33        EV 23     Int 20      God: Kikubaaqudgha [******]
Gold 839         SH 23     Dex 19      Spells:  8 memorised, 13 levels left

Res.Fire  : + . .   See Invis. : .   A - +8,+5 flail of Dishonour {crush, rElec rC++}
Res.Cold  : + + .   Warding    : .   p - +2 elf robe {rF+}
Life Prot.: . . .   Conserve   : .   M - +0 shield
Res.Poison: .       Res.Corr.  : .   Q - +0 wizard hat
Res.Elec. : +       Clarity    : .   (no cloak)
Sust.Abil.: . .     Spirit.Shd : .   E - +0 pair of gloves
Res.Mut.  : +       Stasis     : .   n - -2 pair of boots "Foubuso" {Dex+4}
Res.Rott. : .       Flight     : .   s - amulet of resist mutation
Saprovore : . . .                    r - ring of sustenance
                                     C - +2,+5 ring of slaying

@: repel missiles, somewhat resistant to hostile enchantments, quite stealthy
A: hooves 1, horns 1, repel missiles, blurry vision 1, nightstalker 1, powered
by death 2, screaming 1, EV +4
a: Receive Corpses, Torment, Renounce Religion


You were on level 12 of the Dungeon.
You worshipped Kikubaaqudgha.
Kikubaaqudgha was exalted by your worship.
You were not hungry.

You visited 3 branches of the dungeon, and saw 24 of its levels.
You also visited: Volcano.

You collected 2525 gold pieces.
You spent 1706 gold pieces at shops.

Inventory:

Hand weapons
 A - the +8,+5 flail of Dishonour (weapon) {crush, rElec rC++}
   (You found it on level 6 of the Dungeon)

   It inflicts extra damage upon your enemies.
   It greatly protects you from cold.
   It insulates you from electricity.
Armour
 g - a +2 robe of cold resistance
 n - the -2 pair of boots "Foubuso" (worn) {Dex+4}
   (You bought it in a shop on level 4 of the Dungeon)

   It affects your dexterity (+4).
 p - a +2 elven robe of fire resistance (worn)
 E - a +0 pair of gloves (worn)
 M - a +0 shield (worn)
 Q - a +0 wizard hat (worn)
Magical devices
 f - a wand of draining (7)
 q - a wand of lightning (8)
 B - a wand of fireball (4)
 L - a wand of cold (2)
 X - a wand of teleportation (7)
Comestibles
 c - 6 bread rations
 K - 3 meat rations
 N - a snozzcumber
Scrolls
 e - 4 scrolls of fog
 u - 2 scrolls of remove curse
 w - 4 scrolls of enchant armour
 D - 3 scrolls of amnesia
 O - 6 scrolls of identify
 P - 3 scrolls of teleportation
 U - a scroll of magic mapping
Jewellery
 d - an uncursed ring of protection from cold
 h - an uncursed amulet of conservation
 r - a ring of sustenance (right hand)
 s - an amulet of resist mutation (around neck)
 z - an uncursed amulet of warding
 C - a +2,+5 ring of slaying (left hand)
 H - an uncursed ring of flight
 I - an uncursed ring of protection from magic
 J - an uncursed ring of regeneration
 Y - the ring of Moackor {Wiz Str+3 Dex+2}
   (You bought it in a shop on level 2 of the Orcish Mines)

   [ring of wizardry]

   It affects your strength (+3).
   It affects your dexterity (+2).
Potions
 a - 2 potions of resistance
 b - a potion of invisibility
 i - 3 potions of heal wounds
 j - 5 potions of brilliance
 o - 2 potions of agility
 v - 2 potions of magic
 F - a potion of might
 S - 3 potions of speed
 T - 4 potions of curing
Books
 G - Kikubaaqudgha's Papyrus of Sinister Rites
   (Kikubaaqudgha gifted it to you on level 8 of the Dungeon)

   Spells                             Type                      Level
   *Agony                             Necromancy                   5
   *Dispel Undead                     Necromancy                   5
   Twisted Resurrection               Necromancy                   5
   Bolt of Draining                   Conjuration/Necromancy       6
   Death Channel                      Necromancy                   6
Magical staves
 V - an uncursed staff of wizardry
 W - an uncursed staff of death


   Skills:
 + Level 6.8 Fighting
 + Level 9.2 Maces & Flails
 + Level 9.3 Dodging
 - Level 1.7 Stealth
 - Level 10.0 Shields
 - Level 12.5 Spellcasting
 - Level 13.4 Necromancy


You had 13 spell levels left.
You knew the following spells:

 Your Spells              Type           Power        Failure   Level  Hunger
a - Pain                  Necr           ####         1%          1    None
b - Animate Skeleton      Necr           N/A          1%          1    None
c - Vampiric Draining     Necr           ######....   1%          3    None
d - Animate Dead          Necr           N/A          1%          4    None
e - Sublimation of Blood  Necr           ######....   1%          2    None
f - Control Undead        Necr           ######....   1%          4    None
g - Dispel Undead         Necr           ######..     1%          5    ###....
h - Agony                 Necr           ######..     1%          5    ###....


Dungeon Overview and Level Annotations

Branches:
Dungeon (12/27)            Temple (0/1) D:4             Orc (4/4) D:9
    Elf (0/3) Orc:4          Lair (8/8) D:9          Shoals (0/5) Lair:4
  Snake (0/5) Lair:6        Slime (0/6) Lair:7

Altars:
Cheibriados
Fedhas
Kikubaaqudgha
Sif Muna
Vehumet
Beogh

Shops:
D:4 *   Orc:1 (   Orc:2 %=!*   Orc:4 =/%/


Innate Abilities, Weirdness & Mutations

You have large cloven feet.
You are surrounded by a strong repulsion field (EV +4, rMsl).
You are slightly more attuned to the shadows.
You can steal the life force of defeated enemies.
You have a pair of small horns on your head.
Your vision is a little blurry.
You occasionally shout uncontrollably.


Message History

The eight-headed hydra bites you!
* * * LOW HITPOINT WARNING * * *
The eight-headed hydra bites you.
* * * LOW HITPOINT WARNING * * *
Casting: Vampiric Draining
Confirm with . or Enter, or press ? or * to list all spells.
Aiming: Vampiric Draining
Press: ? - help, Shift-Dir - straight line, f/p - eight-headed hydra
Aim: an eight-headed hydra (almost dead)
The eight-headed hydra is almost dead.
You feel life coursing into your body.
You block the eight-headed hydra's attack.
The eight-headed hydra bites you!
* * * LOW HITPOINT WARNING * * *
The eight-headed hydra bites you.
* * * LOW HITPOINT WARNING * * *
The eight-headed hydra misses you. The eight-headed hydra bites you!
You die...
Kikubaaqudgha rasps: "You have failed me!
Welcome... death!"

##......## ##..#''#..##
##..##..##..##
##..#.#).#)#..##
#..#.##..##)#..##
#..#)#.#..#.#.#..#
#(####.#<>#[####[#
######################
......).D@...........
.#####%#....########
......).#....#############
.......+.>..'.....Z......
#.....##....########.....
..... #....# #.#### ....#
###### #.# .. #.# #.#


You could see an eight-headed hydra.

Vanquished Creatures
  Harold (D:11)
  An ogre mage (D:12)
  4 hydras
  Erica (D:10)
  11 death yaks (Lair:8)
  A deep troll shaman (Lair:8)
  4 orc high priests
  Urug (D:11)
  A centaur warrior (D:12)
  Erolcha (D:11)
  An unseen horror (D:11)
  2 hill giants (D:12)
  A catoblepas (Lair:8)
  5 orc knights
  A lindwurm (Lair:8)
  The ghost of kerensky the Covert, an experienced FeEn of Nemelex Xobeh (D:8)
  Joseph (D:7)
  2 cyclopes
  3 orc sorcerers (Orc:4)
  A sixfirhy (Orc:4)
  A giant amoeba (D:12)
  10 elephants
  Pikel (D:5)
  4 black mambas
  3 fire drakes
  6 spiny frogs
  A troll (Orc:1)
  5 komodo dragons
  A two-headed ogre (D:11)
  7 blink frogs
  Prince Ribbit (D:6)
  A basilisk (Lair:6)
  An ugly thing (D:12)
  A trapdoor spider (D:10)
  27 yaks
  An elephant slug (Lair:7)
  A wandering mushroom (Lair:8)
  4 hippogriffs
  Eustachio (D:7)
  Grum (D:9)
  12 wolves
  Edmund (D:9)
  Menkaure (D:7)
  6 porcupines
  3 manticores
  2 ice beasts
  A mottled dragon (Volcano)
  A necrophage (D:9)
  2 phantoms
  A sky beast (D:6)
  17 orc warriors
  3 black bears
  3 slaves
  9 centaurs
  6 water moccasins
  7 ogres
  Duvessa (D:7)
  9 crocodiles
  2 wargs
  6 giant slugs
  2 big kobolds (D:12)
  13 giant frogs
  Blork the orc (D:8)
  2 agate snails
  10 killer bees
  A yak zombie (D:12)
  3 wights (D:7)
  A yak skeleton (Orc:4)
  A centaur zombie (D:11)
  An electric eel (Lair:6)
  3 goliath beetles
  19 orc priests
  6 crimson imps
  3 jellies
  7 worker ants
  8 hounds
  6 iguanas
  A quasit (D:6)
  3 scorpions
  26 orc wizards
  15 sheep
  An ogre zombie (D:5)
  Ijyb (D:3)
  A big kobold skeleton (D:11)
  A brain worm zombie (D:12)
  2 mummies
  15 gnolls
  26 adders
  37 green rats
  4 giant centipedes
  A giant mite (D:2)
  5 worms
  An ufetubus (D:7)
  An iguana skeleton (D:7)
  3 giant eyeballs
  A giant gecko (D:9)
  An ooze (Lair:7)
  109 orcs
  A ball python (D:5)
  20 bats
  A giant cockroach (D:2)
  22 hobgoblins
  12 jackals
  13 kobolds
  6 quokkas
  A giant newt (D:2)
  9 goblins
  A hobgoblin zombie (D:6)
  A quokka skeleton (D:6)
  21 rats
  4 rat skeletons
669 creatures vanquished.

Vanquished Creatures (collateral kills)
  A ravenous feature mimic (Lair:6)
  2 hydras
  An orc high priest (Orc:3)
  3 spiny frogs
  A fire drake (Volcano)
  5 komodo dragons
  9 blink frogs
  A snapping turtle (Lair:6)
  17 yaks
  3 basilisks
  6 hippogriffs
  An elephant slug (Lair:6)
  2 wyverns
  4 wolves
  An orc warrior (Orc:3)
  A black bear (Lair:8)
  2 porcupines
  2 ogres
  5 crocodiles
  5 giant frogs
  2 centaurs
  4 water moccasins
  A brain worm (Lair:8)
  2 agate snails
  A killer bee (D:10)
  An eye of draining (D:8)
  A wight (D:7)
  A jelly (Lair:7)
  A giant frog zombie (D:6)
  Dowan (D:7)
  2 crimson imps
  A hound (Lair:2)
  An orc priest (D:10)
  An orc wizard (Orc:1)
  A worker ant (D:10)
  2 iguanas
  16 sheep
  An ogre skeleton (D:11)
  19 green rats
  7 adders
  A grey rat (D:7)
  A giant eyeball (D:9)
  A giant gecko (D:6)
  An ooze (Lair:7)
  12 orcs
  A hobgoblin (D:6)
  11 jackals
  A kobold (D:8)
  2 quokkas (Lair:2)
  2 bats
  A hobgoblin zombie (D:6)
  An orc zombie (D:8)
  A rat (D:7)
  3 rat skeletons (Orc:4)
  2 fungi
179 creatures vanquished.

Vanquished Creatures (others)
  2 death yak zombies (Lair:8)
  A hydra zombie (Lair:2)
  A hill giant zombie (D:12)
  5 spiny frog zombies
  3 elephant zombies
  5 blink frog zombies
  An orc skeleton (Orc:4)
  2 manticore zombies
  A cyclops zombie (Orc:4)
  2 komodo dragon zombies (Lair:8)
  11 yak zombies
  2 hippogriff zombies
  A yak skeleton (Orc:4)
  3 giant frog zombies
  4 wolf zombies
  2 human zombies
  A basilisk zombie (Lair:6)
  A black bear zombie (Lair:8)
  An iguana (Lair:1)
  2 porcupine zombies
  A mottled dragon zombie (Volcano)
  A crocodile zombie (Lair:2)
  4 ogre zombies
  A hound zombie (D:8)
  A green rat (Lair:4)
  An elf zombie (D:7)
  A giant centipede (Lair:1)
  A worm zombie (D:9)
  2 goliath beetle zombies
  A scorpion zombie (D:7)
  3 adder zombies
  2 iguana zombies
  5 sheep zombies
  2 human skeletons (Lair:8)
  A hobgoblin (D:5)
  A ball python zombie (D:5)
  11 green rat zombies
  A hobgoblin zombie (Orc:4)
  A jackal zombie (Lair:4)
  A kobold zombie (D:6)
  42 orc zombies
  A quokka zombie (Lair:4)
  6 rat skeletons (Orc:4)
  4 butterflies (D:9)
  4 fungi
  A plant (Lair:8)
151 creatures vanquished.

Grand Total: 999 creatures vanquished

Notes
Turn   | Place    | Note
--------------------------------------------------------------
     0 | D:1      | Impy, the Demonspawn Necromancer, began the quest for the Orb.
     0 | D:1      | Reached XP level 1. HP: 13/13 MP: 3/3
     2 | D:1      | Learned a level 1 spell: Animate Skeleton
   734 | D:1      | Gained mutation: You have large cloven feet. [demonic ancestry]
   734 | D:1      | Reached XP level 2. HP: 11/19 MP: 0/4
  1132 | D:2      | Reached skill level 5 in Necromancy
  1132 | D:2      | Reached XP level 3. HP: 7/24 MP: 0/6
  1254 | D:2      | Found a blossoming altar of Fedhas.
  1713 | D:2      | Learned a level 3 spell: Vampiric Draining
  1798 | D:2      | Found an ancient bone altar of Kikubaaqudgha.
  1809 | D:2      | Became a worshipper of Kikubaaqudgha
  1930 | D:2      | Gained mutation: You can steal the life force of nearby defeated enemies. [demonic ancestry]
  1930 | D:2      | Reached XP level 4. HP: 25/30 MP: 5/8
  2318 | D:2      | Reached XP level 5. HP: 29/35 MP: 8/11
  2511 | D:3      | Learned a level 4 spell: Animate Dead
  2749 | D:3      | Reached skill level 6 in Necromancy
  2840 | D:3      | Noticed a centaur
  2849 | D:3      | Killed a centaur
  2849 | D:3      | Reached XP level 6. HP: 31/41 MP: 1/13
  2865 | D:3      | Noticed Ijyb
  2956 | D:3      | Killed Ijyb
  3070 | D:3      | Acquired Kikubaaqudgha's first power
  3070 | D:3      | Received a gift from Kikubaaqudgha
  3073 | D:3      | Identified Kikubaaqudgha's Grimoire of Black Secrets (Kikubaaqudgha gifted it to you on level 3 of the Dungeon)
  3158 | D:3      | Learned a level 2 spell: Sublimation of Blood
  3486 | D:3      | Found a radiant altar of Vehumet.
  3804 | D:4      | Found a staircase to the Ecumenical Temple.
  3916 | D:4      | Found Daff's Assorted Antiques.
  3930 | D:4      | Bought a pair of smoking boots for 214 gold pieces
  4032 | D:4      | Identified the cursed -2 pair of boots "Foubuso" {Dex+4} (You bought it in a shop on level 4 of the Dungeon)
  4169 | D:4      | Reached skill level 7 in Necromancy
  4252 | D:4      | Reached XP level 7. HP: 42/46 MP: 11/17
  4374 | D:4      | Found a snail-covered altar of Cheibriados.
  4500 | D:5      | Entered Level 5 of the Dungeon
  4517 | D:5      | Noticed Pikel
  4726 | D:5      | Reached skill level 5 in Spellcasting
  4812 | D:5      | Learned a level 4 spell: Control Undead
  5158 | D:5      | Killed Pikel
  5158 | D:5      | Reached skill level 8 in Necromancy
  5576 | D:6      | Gained mutation: You are surrounded by a mild repulsion field (EV +2). [demonic ancestry]
  5576 | D:6      | Reached XP level 8. HP: 29/52 MP: 11/20
  5580 | D:6      | Got a tattered robe
  5584 | D:6      | Identified the cursed +1 robe of Rekutt {Dam+3} (You found it on level 6 of the Dungeon)
  5796 | D:6      | Acquired Kikubaaqudgha's second power
  5947 | D:6      | Reached skill level 9 in Necromancy
  6084 | D:6      | Noticed Prince Ribbit
  6149 | D:6      | Killed Prince Ribbit
  6385 | D:6      | Got an ancient flail
  6429 | D:6      | Your ally Prince Ribbit died
  6442 | D:6      | Reached skill level 10 in Necromancy
  6549 | D:6      | Gained mutation: You can steal the life force of defeated enemies. [demonic ancestry]
  6549 | D:6      | Reached XP level 9. HP: 49/57 MP: 17/23
  7088 | D:7      | Noticed Menkaure
  7127 | D:7      | Noticed Duvessa
  7127 | D:7      | Noticed Dowan
  7130 | D:7      | Killed Dowan
  7148 | D:7      | Menkaure (ally) was killed
  7148 | D:7      | Your ally died
  7277 | D:7      | Killed Duvessa
  7567 | D:7      | Identified the +8,+5 flail of Dishonour {crush, rElec rC++} (You found it on level 6 of the Dungeon)
  7577 | D:7      | Your ally Duvessa died
  7641 | D:7      | Noticed Eustachio
  7651 | D:7      | Killed Eustachio
  7755 | D:7      | Noticed Joseph
  7780 | D:7      | Killed Joseph
  7780 | D:7      | Reached skill level 11 in Necromancy
  8380 | D:8      | Received a gift from Kikubaaqudgha
  8381 | D:8      | Identified Kikubaaqudgha's Papyrus of Sinister Rites (Kikubaaqudgha gifted it to you on level 8 of the Dungeon)
  8388 | D:8      | Learned a level 5 spell: Dispel Undead
  8394 | D:8      | Learned a level 5 spell: Agony
  8468 | D:8      | Noticed kerensky's ghost (experienced FeEn)
  8581 | D:8      | Killed kerensky's ghost
  8767 | D:8      | Reached XP level 10. HP: 28/63 MP: 5/26
  8923 | D:8      | Noticed Blork the orc
  8932 | D:8      | Killed Blork the orc
  8982 | D:8      | Identified a +0 rod of striking (9/9) (You found it on level 8 of the Dungeon)
  9290 | D:9      | Found a staircase to the Lair.
  9292 | D:9      | Noticed an elephant
  9308 | D:9      | Killed an elephant
  9308 | D:9      | Reached skill level 12 in Necromancy
  9352 | D:9      | Paralysed by a giant eyeball for 2 turns
  9659 | D:9      | Reached skill level 10 in Spellcasting
  9785 | D:9      | Found a staircase to the Orcish Mines.
  9785 | D:9      | Noticed Edmund
  9796 | D:9      | Killed Edmund
  9796 | D:9      | Acquired Kikubaaqudgha's third power
 10011 | D:9      | Noticed Grum
 10205 | D:9      | Killed Grum
 10207 | D:9      | Reached skill level 13 in Necromancy
 10374 | D:9      | Paralysed by a giant eyeball for 2 turns
 10384 | D:9      | Paralysed by a giant eyeball for 2 turns
 10444 | D:9      | Found a deep blue altar of Sif Muna.
 10725 | Lair:1   | Entered Level 1 of the Lair of Beasts
 11128 | Lair:1   | Got an ancient spear
 11235 | Lair:1   | Gained mutation: You are slightly more attuned to the shadows. [demonic ancestry]
 11235 | Lair:1   | Reached XP level 11. HP: 43/68 MP: 24/29
 11278 | Lair:1   | Upgraded the game from 0.13.0-17-g5f0e85f to 0.13.0-18-g7b03ea5
 11705 | Lair:2   | Reached skill level 1 in Maces & Flails
 11756 | Lair:2   | Noticed a seven-headed hydra
 12076 | Lair:2   | Killed a seven-headed hydra
 12308 | Lair:2   | Noticed an eight-headed hydra
 12316 | Lair:2   | Killed an eight-headed hydra
 12356 | Lair:2   | Acquired Kikubaaqudgha's fourth power
 15013 | Lair:4   | Gained mutation: Your vision is a little blurry. [potion of mutation]
 15013 | Lair:4   | Gained mutation: You occasionally shout uncontrollably. [potion of mutation]
 15013 | Lair:4   | Gained mutation: You have a pair of small horns on your head. [potion of mutation]
 15027 | Lair:4   | Found a dark tunnel.
 15032 | Volcano  | Entered a volcano
 15053 | Volcano  | Reached skill level 5 in Dodging
 15217 | Volcano  | Reached skill level 5 in Maces & Flails
 15790 | Lair:4   | Noticed a four-headed hydra
 15803 | Lair:4   | Gained mutation: You are surrounded by a moderate repulsion field (EV +3). [demonic ancestry]
 15803 | Lair:4   | Reached XP level 12. HP: 46/74 MP: 2/31
 16062 | Lair:4   | Found a staircase to the Shoals.
 16230 | Lair:4   | Killed a four-headed hydra
 16877 | Lair:5   | Identified the +7,+7 spear of Hell's Wrath {holy, rElec rPois rF-} (You found it on level 1 of the Lair of Beasts)
 17712 | Lair:6   | Found a staircase to the Snake Pit.
 18151 | Lair:6   | Reached skill level 1 in Shields
 18309 | Lair:6   | Found a staircase to the Shoals.
 18331 | Lair:6   | the staircase to the Shoals was a mimic.
 18337 | Lair:6   | Killed a ravenous staircase mimic
 19237 | Lair:7   | Reached skill level 5 in Shields
 19613 | Lair:7   | Found a staircase to the Slime Pits.
 19747 | Lair:7   | Gained mutation: You are surrounded by a strong repulsion field (EV +4, rMsl). [demonic ancestry]
 19747 | Lair:7   | Reached XP level 13. HP: 55/79 MP: 23/32
 19828 | Lair:7   | Noticed a five-headed hydra
 19835 | Lair:7   | Killed a five-headed hydra
 20106 | Lair:8   | Entered Level 8 of the Lair of Beasts
 21240 | Lair:8   | Reached skill level 10 in Shields
 21297 | Lair:8   | Reached skill level 1 in Fighting
 21478 | Lair:8   | Got an ichor-stained broad axe
 21479 | Lair:8   | Identified the +0,+7 broad axe of Yeast {chop, Str+2 SInv} (You found it on level 8 of the Lair of Beasts)
 22110 | Orc:1    | Entered Level 1 of the Orcish Mines
 22338 | Orc:2    | Found Utituub's Jewellery Shoppe.
 22425 | Orc:2    | Found Graustrai's Food Shoppe.
 22493 | Orc:2    | Found Gaorer's Distillery.
 22496 | Orc:2    | Found Astreacuch's Assorted Antiques.
 22508 | Orc:2    | Bought a potion of heal wounds for 48 gold pieces
 22513 | Orc:2    | Bought a potion of heal wounds for 87 gold pieces
 22905 | Orc:1    | Found Shutepp's Weapon Boutique.
 23090 | Orc:3    | Found a radiant altar of Vehumet.
 23251 | Orc:4    | Entered Level 4 of the Orcish Mines
 23259 | Orc:4    | Reached XP level 14. HP: 67/92 MP: 26/33
 23496 | Orc:4    | Found a roughly hewn altar of Beogh.
 23554 | Orc:4    | Found a staircase to the Elven Halls.
 23670 | Orc:4    | Reached skill level 5 in Fighting
 23997 | Orc:4    | Paralysed by an orc sorcerer for 4 turns
 24600 | Orc:4    | Found Kaphacvi's Magical Wand Shop.
 24602 | Orc:4    | Found Viuzonn's Jewellery Emporium.
 24603 | Orc:4    | Found Prizaydung's Magical Wand Emporium.
 24603 | Orc:4    | Found Ghiekh's Food Shop.
 24618 | Orc:4    | Bought a wand of teleportation (7) for 429 gold pieces
 24716 | Orc:2    | Bought the ring of Moackor {Wiz Str+3 Dex+2} for 928 gold pieces
 24744 | D:10     | Entered Level 10 of the Dungeon
 24977 | D:10     | Noticed Erica
 24986 | D:10     | Killed Erica
 25070 | D:10     | Your ally Erica died
 25471 | D:11     | Noticed Erolcha
 25482 | D:11     | Killed Erolcha
 25583 | D:11     | Noticed Urug
 25590 | D:11     | Killed Urug
 26119 | D:11     | Identified the Reference Book on Congealing Earth (You found it on level 11 of the Dungeon)
 26357 | D:11     | Noticed Harold
 26362 | D:11     | Your ally Erolcha died
 26369 | D:11     | Killed Harold
 26445 | D:12     | Paralysed by an ogre mage for 5 turns
 26758 | D:12     | Slain by an eight-headed hydra

Action                   |  1- 3 |  4- 6 |  7- 9 | 10-12 | 13-15 || total
-------------------------+-------+-------+-------+-------+-------++-------
Melee: Mace              |    19 |    10 |       |       |       ||    29
       Unarmed           |     1 |       |       |       |       ||     1
       Dagger            |       |     7 |    11 |       |       ||    18
       Whip              |       |       |    43 |       |       ||    43
       Flail             |       |       |    34 |   524 |   711 ||  1269
       Staff             |       |       |       |       |     9 ||     9
 Cast: Pain              |    63 |   123 |   153 |   291 |    56 ||   686
       Vampiric Draining |       |     8 |    67 |    96 |    56 ||   227
       Sublimation of Bl |       |     2 |       |       |       ||     2
       Animate Dead      |       |     1 |    13 |    64 |    46 ||   124
       Control Undead    |       |       |     5 |       |       ||     5
       Agony             |       |       |     2 |    59 |    55 ||   116
       Dispel Undead     |       |       |     1 |     4 |     2 ||     7
Invok: Receive Corpses   |       |       |       |       |     1 ||     1
Evoke: Wand              |       |       |       |     3 |     4 ||     7
  Use: Potion            |     1 |     6 |     8 |     5 |    11 ||    31
       Scroll            |     7 |    11 |     8 |    20 |    10 ||    56
 Stab: Distracted        |       |       |     2 |    11 |     5 ||    18
       Sleeping          |       |       |       |    11 |    10 ||    21
